Map: Ice and Chrome LE

Players

Nee - Winner!

  • Race: Protoss Protoss
  • League: Gold
  • Spawn Location: 7:00

PythonBlood

  • Race: Protoss Protoss
  • Spawn Location: 1:00

VOD

Have the link to the VOD?

Description

Time

  • Played on: Sept. 23, 2020, 10:52 a.m.
  • Length: 10:21
Show
View Real Time Build Order
Export as new Build Order

Nee Protoss - Winner!

Build Orders:  

Get SALT Encoding   

  12  0:00  Probe  
  13  0:12  Probe  
  14  0:17  Pylon  
  14  0:24  Probe (Chrono Boost)  
  15  0:37  Probe (Chrono Boost), Gateway  
  16  0:44  Probe (Chrono Boost)  
  16  0:45  Assimilator  
  17  0:51  Probe  
  17  0:54  Assimilator  
  18  1:03  Probe (Chrono Boost)  
  19  1:05  Gateway  
  19  1:14  Probe (Chrono Boost)  
  20  1:19  Probe (Chrono Boost)  
  21  1:25  Cybernetics Core  
  21  1:29  Probe  
  22  1:33  Pylon  
  22  1:41  Probe  
  23  1:53  Probe  
  24  2:02  Sentry, Stalker  
  24  2:04  Warp Gate  
  24  2:05  Probe  
  29  2:09  Pylon  
  29  2:17  Shield Battery  
  29  2:18  Probe  
  30  2:28  Stalker  
  32  2:32  Stalker  
  34  2:39  Robotics Facility  
  34  3:01  Nexus  
  34  3:07  Pylon  
  35  3:12  Probe  
  35  3:25  Probe  
  36  3:28  Pylon  
  36  3:32  Immortal (Chrono Boost)  
  40  3:37  Probe  
  41  3:48  Shield Battery  
  41  3:49  Probe  
  41  3:54  Sentry  
  41  3:55  Sentry  
  46  4:01  Observer (Chrono Boost)  
  46  4:02  Probe (Chrono Boost)  
  48  4:13  Probe (Chrono Boost)  
  48  4:14  Probe (Chrono Boost)  
  50  4:22  Probe (Chrono Boost)  
  50  4:23  Probe (Chrono Boost)  
  52  4:27  Probe (Chrono Boost), Immortal  
  52  4:28  Probe  
  58  4:32  Pylon  
  58  4:38  Sentry  
  60  4:39  Probe  
  60  4:40  Probe, Stalker  
  64  4:50  Assimilator x2  
  64  4:51  Probe  
  64  4:52  Probe  
  66  5:03  Probe  
  66  5:06  Robotics Bay  
  67  5:09  Gateway x2  
  67  5:13  Probe  
  68  5:15  Probe  
  68  5:19  Immortal (Chrono Boost)  
  69  5:25  Probe  
  69  5:27  Probe  
  75  5:37  Probe  
  75  5:39  Probe  
  77  5:48  Nexus  
  77  5:49  Probe  
  78  5:50  Pylon  
  78  5:54  Assimilator  
  78  5:58  Assimilator  
  78  6:08  Probe (Chrono Boost), Colossus (Chrono Boost)  
  78  6:09  Pylon  
  86  6:11  Pylon  
  86  6:13  Probe (Chrono Boost)  
  86  6:14  Extended Thermal Lance  
  86  6:25  Pylon x2  
  86  6:26  Probe  
  86  6:27  Probe  
  88  6:37  Zealot x4  
  88  6:38  Probe  
  97  6:40  Probe  
  94  6:50  Probe (Chrono Boost), Observer  
  94  6:53  Probe (Chrono Boost)  
  94  6:59  Colossus (Chrono Boost)  
  94  7:00  Probe (Chrono Boost)  
  101  7:02  Probe (Chrono Boost)  
  101  7:06  Sentry x4  
  111  7:10  Probe x2 (Chrono Boost)  
  111  7:11  Probe (Chrono Boost)  
  111  7:15  Probe (Chrono Boost)  
  113  7:16  Probe  
  113  7:19  Probe  
  116  7:27  Probe  
  116  7:28  Probe  
  118  7:31  Probe  
  118  7:34  Robotics Facility  
  119  7:38  Twilight Council, Stalker x4  
  119  7:43  Colossus (Chrono Boost)  
  127  7:44  Pylon  
  127  7:46  Pylon  
  133  7:58  Pylon x2  
  133  8:00  Pylon  
  133  8:01  Pylon  
  133  8:02  Probe x2  
  135  8:07  Probe  
  135  8:12  Pylon  
  136  8:14  Pylon  
  136  8:15  Pylon  
  136  8:17  Pylon  
  136  8:18  Pylon  
  136  8:21  Templar Archives  
  136  8:26  Colossus x2 (Chrono Boost)  
  148  8:40  Stalker x3  
  148  8:41  Stalker  
  156  8:46  Observer  
  156  8:49  Gateway x2  
  156  9:09  Immortal x2 (Chrono Boost), High Templar x2  
  168  9:11  Zealot x2  
  168  9:13  Archon  
  172  9:23  Gateway  
  172  9:25  Gateway  
  172  9:39  Colossus (Chrono Boost)  
  172  9:43  Stalker x3  
  172  9:44  Stalker  
  178  10:15  Stalker x3  
  178  10:16  Stalker x3  
Show
View Real Time Build Order
Export as new Build Order

PythonBlood Protoss 

Build Orders:  

Get SALT Encoding   

  12  0:00  Probe  
  13  0:12  Probe  
  14  0:22  Pylon  
  14  0:24  Probe  
  15  0:40  Probe  
  15  0:42  Gateway  
  16  0:51  Assimilator  
  16  0:52  Probe  
  17  1:04  Probe (Chrono Boost)  
  17  1:06  Gateway  
  18  1:16  Probe (Chrono Boost)  
  18  1:17  Assimilator  
  19  1:25  Pylon  
  19  1:28  Probe  
  20  1:36  Cybernetics Core  
  20  1:40  Probe (Chrono Boost)  
  20  1:46  Zealot  
  23  1:50  Probe (Chrono Boost)  
  24  1:55  Probe (Chrono Boost)  
  24  1:57  Zealot  
  27  2:10  Warp Gate (Chrono Boost)  
  27  2:12  Forge  
  27  2:23  Sentry  
  27  2:27  Stalker  
  27  2:29  Pylon  
  31  2:38  Pylon  
  31  2:45  Protoss Ground Weapons Level 1  
  31  2:53  Robotics Facility  
  31  3:27  Nexus  
  31  3:34  Pylon  
  31  3:37  Pylon  
  31  3:45  Observer  
  31  3:46  Gateway  
  32  4:00  Pylon  
  32  4:03  Probe (Chrono Boost)  
  33  4:13  Probe (Chrono Boost)  
  34  4:18  Probe (Chrono Boost)  
  34  4:19  Immortal  
  39  4:28  Stalker  
  39  4:29  Probe (Chrono Boost)  
  42  4:41  Probe (Chrono Boost)  
  44  4:46  Probe (Chrono Boost), Assimilator  
  44  4:47  Probe (Chrono Boost)  
  44  4:52  Stalker  
  47  4:53  Probe  
  47  4:58  Protoss Ground Armor Level 1 (Chrono Boost)  
  48  5:06  Probe  
  49  5:12  Immortal  
  53  5:22  Probe (Chrono Boost)  
  54  5:28  Assimilator  
  54  5:32  Probe (Chrono Boost), Stalker  
  57  5:37  Probe (Chrono Boost)  
  57  5:41  Probe  
  59  5:48  Probe  
  60  5:51  Stalker x2  
  60  5:53  Probe  
  65  5:57  Sentry  
  65  6:00  Probe  
  68  6:05  Probe  
  69  6:12  Probe  
  69  6:18  Probe  
  71  6:24  Probe  
  72  6:30  Probe  
  73  6:42  Probe  
  72  6:59  Stalker x3  
  72  7:02  Immortal  
  72  7:07  Twilight Council  
  76  7:08  Protoss Shields Level 1 (Chrono Boost)  
  76  7:12  Gateway  
  76  7:14  Gateway  
  76  7:17  Gateway  
  76  7:28  Stalker  
  76  7:29  Stalker x2  
  82  7:33  Nexus  
  82  7:39  Immortal (Chrono Boost)  
  82  7:40  Pylon  
  86  7:54  Charge  
  86  8:07  Pylon  
  86  8:10  Stalker x4  
  86  8:12  Pylon  
  94  8:15  Pylon  
  94  8:19  Pylon  
  94  8:31  Assimilator  
  94  8:33  Pylon  
  94  8:35  Pylon  
  94  8:37  Immortal, Assimilator  
  94  8:40  Stalker  
  94  8:41  Stalker  
  102  8:42  Sentry x3  
  108  9:06  Stargate  
  108  9:08  Stargate  
  108  9:15  Forge  
  108  9:17  Gateway  
  108  9:21  Immortal  
  108  9:23  Sentry  
  108  9:24  Sentry x2, Stalker  
  116  9:29  Stalker  
  122  9:32  Stalker  
Tags
 
League
Gold
Matchup
PvP
Spawn Locations
Cross Positions
Add a new tag
Caveats
  • Supply blocks, unpowered buildings, or Contaminate may cause inaccurate times.
  • Supply counts are checked every 10 seconds.